 Dungeon Sprint DCSS version 0.18-a0-1426-g3b9a63c (webtiles) character file.

108 chei the Shield-Bearer (level 4, -9/39 HPs)
             Began as a Demonspawn Fighter on Feb 27, 2016.
             Was a Follower of Cheibriados.
             Mangled by an ogre
             ... wielding a +0 giant club
              (27 damage)
             ... in the Dungeon (Sprint IX: "|||||||||||||||||||||||||||||").
             The game lasted 00:01:07 (507 turns).

chei the Shield-Bearer (Demonspawn Fighter)          Turns: 507, Time: 00:01:08

Health: -9/39      AC: 10    Str: 20    XL:     4   Next: 58%
Magic:  3/6        EV: 10    Int: 13    God:    Cheibriados [*.....]
Gold:   0          SH: 10    Dex: 18    Spells: 0 memorised, 3 levels left

rFire  . . .     SeeInvis .     a - +0 long sword
rCold  . . .     Gourm    .     r - +1 scale mail
rNeg   . . .     Faith    .     c - +0 shield
rPois  .         Spirit   .     s - +0 helmet
rElec  .         Dismiss  .     q - +0 cloak
rCorr  .         Reflect  .     (no gloves)
SustAt .         Harm     .     (no boots)
MR     .....     NoTele   +     (no amulet)
Stlth  ..........               p - +3 ring of dexterity
                                o - +2 ring of evasion

@: very slow, not resistant to hostile enchantments, extremely unstealthy
A: talons 1
a: Bend Time, Renounce Religion


You were in the Dungeon.
You worshipped Cheibriados.
Cheibriados was aware of your devotion.
You were not hungry.

You visited 1 branch

Inventory:

Hand Weapons
 a - a +0 long sword (weapon)
 n - a +2 scimitar of protection
Armour
 b - a +0 scale mail
 c - a +0 shield (worn)
 q - a +0 cloak (worn)
 r - a +1 scale mail (worn)
 s - a +0 helmet (worn)
Magical Staves
 t - an uncursed staff of energy
Jewellery
 o - a +2 ring of evasion (left hand)
 p - a +3 ring of dexterity (right hand)
Wands
 m - a wand of lightning (6/15)
Scrolls
 j - 3 scrolls of remove curse
 k - 2 scrolls of blinking
 l - 2 scrolls of amnesia
Potions
 d - a potion of might
 e - 5 potions of curing
 g - 3 potions of heal wounds
 h - a potion of invisibility
 i - 4 potions of magic
Comestibles
 f - a bread ration


   Skills:
 + Level 5.2 Fighting
 * Level 3.5 Long Blades
 + Level 4.6 Armour
 + Level 0.8 Dodging
 + Level 5.4 Shields
 * Level 3.0 Invocations


You had 3 spell levels left.
You didn't know any spells.

Dungeon Overview and Level Annotations

Branches:
Dungeon (1/1)

Altars:
Cheibriados
Dithmenos
Elyvilon
Fedhas
Gozag
Kikubaaqudgha
Makhleb
Nemelex Xobeh
Okawaru
Pakellas
Qazlal
Ru
Sif Muna
Trog
Vehumet
Xom
Yredelemnul
Zin
The Shining One
Beogh
Jiyva
Lugonu


Innate Abilities, Weirdness & Mutations

You have sharp toenails.


Message History

The ogre misses you.
The howler monkey hoots and howls with incredible vigour!
The ogre hits you with a giant club!
You hear a roar!
You hear a shout!
You hit the ogre but do no damage.
The ogre is heavily wounded.
The ogre hits you with a giant club.
You slash the ogre! You claw the ogre, but do no damage.
The ogre is severely wounded.
You barely miss the ogre. Your kick misses the ogre.
The ogre is severely wounded.
You block the ogre's attack.
The howler monkey hoots and howls with incredible vigour!
You block the ogre's attack.
You hear a shout!
You barely miss the ogre. You claw the ogre.
The ogre is severely wounded.
The ogre hits you with a giant club!!
Ouch! That really hurt!
You die... ▓▓▓▓▓▓▓▓▓▓▓▓▓▓▓▓▓▓▓▓▓▓▓▓ _______'...)....@OFhH.†. ▓▓▓▓▓▓▓▓▓▓▓▓▓▓▓▓▓▓▓▓▓▓▓▓

You could see a hippogriff, an ogre, a giant frog and a howler monkey.

Vanquished Creatures
  A killer bee (D)
  An orc wizard (D)
  3 adders (D)
  An orc (D)
  2 bats (D)
  2 hobgoblins (D)
  A jackal skeleton (D)
  A kobold (D)
12 creatures vanquished.

Notes
Turn   | Place    | Note
--------------------------------------------------------------
     0 | D        | chei the Demonspawn Fighter began the quest for the Orb.
     0 | D        | Reached XP level 1. HP: 18/18 MP: 1/1
    78 | D        | Noticed an orc wizard
    84 | D        | Killed an orc wizard
    84 | D        | Gained mutation: You have sharp toenails. [demonic ancestry]
    84 | D        | Reached XP level 2. HP: 26/26 MP: 2/2
    84 | D        | Reached XP level 3. HP: 31/31 MP: 3/3
   170 | D        | Found a glowing silver altar of Zin.
   170 | D        | Found a glowing golden altar of the Shining One.
   170 | D        | Found an ancient bone altar of Kikubaaqudgha.
   170 | D        | Found a basalt altar of Yredelemnul.
   170 | D        | Found a shimmering altar of Xom.
   170 | D        | Found a radiant altar of Vehumet.
   174 | D        | Found an iron altar of Okawaru.
   178 | D        | Found a burning altar of Makhleb.
   179 | D        | Found a deep blue altar of Sif Muna.
   180 | D        | Found a bloodstained altar of Trog.
   181 | D        | Found a sparkling altar of Nemelex Xobeh.
   182 | D        | Found a white marble altar of Elyvilon.
   337 | D        | Found a roughly hewn altar of Beogh.
   338 | D        | Found a viscous altar of Jiyva.
   339 | D        | Found a corrupted altar of Lugonu.
   340 | D        | Found a blossoming altar of Fedhas.
   341 | D        | Found a snail-covered altar of Cheibriados.
   342 | D        | Found a shadowy altar of Dithmenos.
   343 | D        | Found a stormy altar of Qazlal.
   344 | D        | Found an opulent altar of Gozag.
   345 | D        | Found a sacrificial altar of Ru.
   346 | D        | Found an oddly glowing altar of Pakellas.
   351 | D        | Became a worshipper of Cheibriados the Contemplative
   498 | D        | Noticed an ogre
   498 | D        | Noticed a giant frog
   498 | D        | Noticed a hippogriff
   498 | D        | Noticed a killer bee
   501 | D        | Reached skill level 5 in Shields
   501 | D        | Reached skill level 1 in Invocations
   501 | D        | Killed a killer bee
   501 | D        | Reached * piety under Cheibriados
   501 | D        | Reached skill level 5 in Fighting
   501 | D        | Reached XP level 4. HP: 35/39 MP: 3/6
   507 | D        | Mangled by an ogre

Vault maps used:
D:        linesprint

Skill      XL: |  1  2  3 |
---------------+----------+-----
Armour         | 3 4 |  4.6
Shields        | 4 5 |  5.4
Long Blades    | 2 3 |  3.5
Fighting       | 4 5 |  5.2
Invocations    | 3 |  3.0
Dodging        | |  0.8

Action                   |  1- 3 |  4- 6 || total
-------------------------+-------+-------++-------
Melee: Long sword        |    43 |     6 ||    49
Evoke: Wand              |       |     1 ||     1
  Use: Potion            |     2 |       ||     2
